 Dungeon Crawl Stone Soup version 0.30-a0-187-gd9c2deaf24 (webtiles) character file.

Game seed: 1801843865578262756

17684 LnG the Covert (level 12, -8/72 HPs)
             Began as a Kobold Summoner on Oct 3, 2022.
             Was a Priest of Dithmenos.
             Engulfed by a fire crab (shapeshifter)'s flame (29 damage)
             ... on level 13 of the Dungeon.
             The game lasted 00:49:39 (14979 turns).

LnG the Covert (Kobold Summoner)                   Turns: 14979, Time: 00:49:39

Health: -8/72      AC:  8    Str: 13    XL:     12   Next: 85%
Magic:  25/25      EV: 21    Int: 20    God:    Dithmenos [***...]
Gold:   1446       SH:  0    Dex: 21    Spells: 16/29 levels left

rFire   . . .      SeeInvis .    C - +8 arc blade {discharge, rElec}
rCold   . . .      Faith    .    (no shield)
rNeg    . . .      Spirit   .    k - +2 robe {Will+}
rPois   .          Reflect  .    Q - +1 helmet
rElec   +          Harm     .    l - +0 cloak
rCorr   .          Rampage  .    (no gloves)
Will    +....                    i - +0 pair of boots
Stlth   ++++++++++               c - amulet of magic regeneration
HPRegen 0.32/turn                d - +6 ring of strength
MPRegen 0.59/turn                u - +6 ring of dexterity

@: slowed, wreathed by umbra, studying Fighting, very slow
A: small, no large weapons, nightstalker 3
a: Renounce Religion, Shadow Step


You were on level 13 of the Dungeon.
You worshipped Dithmenos.
Dithmenos was most pleased with you.
You visited 2 branches of the dungeon, and saw 14 of its levels.
You also visited: Bailey.

You collected 1446 gold pieces.

Inventory:

Hand Weapons
 h - a +0 dagger
 C - the +8 arc blade (weapon) {discharge, rElec}
   (You acquired it on level 12 of the Dungeon)

   It occasionally unleashes powerful arcs of lightning upon striking a foe.
   These may arc to other adjacent creatures (including the wielder, but dealing
   reduced damage to them) before grounding out.
   rElec:     It insulates you from electricity.
 E - a +1 rapier of speed
 M - a +2 dagger of draining
 O - the +7 hand axe of Optoef {flame, rN+ Int+4 Dex+4}
   (You found it on level 10 of the Dungeon)

   It burns those it strikes, dealing additional fire damage.
   Big, fiery blades are also staple armaments of hydra-hunters.
   Int:       It affects your intelligence (+4).
   Dex:       It affects your dexterity (+4).
   rN:        It protects you from negative energy.
Armour
 i - a +0 pair of boots (worn)
 k - a +2 robe of willpower (worn)
 l - a +0 cloak (worn)
 Q - a +1 helmet (worn)
Jewellery
 c - an amulet of magic regeneration (around neck)
 d - a +6 ring of strength (left hand)
 m - a ring of protection from cold
 n - a ring of positive energy
 u - a +6 ring of dexterity (right hand)
 x - a ring of flight
 y - a +6 ring of dexterity
 B - the ring "Zuco" {+Blink rN+++ rCorr Str+6 Int-3}
   (You found it on level 6 of the Dungeon)

   [ring of strength]

   Str:       It affects your strength (+6).
   Int:       It affects your intelligence (-3).
   rN:        It renders you almost immune to negative energy.
   +Blink:    It lets you blink.
   rCorr:     It protects you from acid and corrosion.
 K - a ring of protection from fire
 R - a ring of ice
Wands
 t - a wand of acid (2)
 D - a wand of flame (41)
Scrolls
 e - 5 scrolls of poison
 f - a scroll of immolation
 j - 2 scrolls of fog
 p - 2 scrolls of teleportation
 v - a scroll of vulnerability
 w - a scroll of amnesia
 A - a scroll of magic mapping
 H - 2 scrolls of silence
 I - a scroll of enchant weapon {unknown}
 J - a scroll of enchant armour {unknown}
 L - 3 scrolls of identify
 N - a scroll of summoning {unknown}
Potions
 a - a potion of cancellation {unknown}
 b - 2 potions of magic
 g - a potion of curing
 o - a potion of ambrosia {unknown}
 q - 2 potions of flight {unknown}
 r - a potion of attraction {unknown}
 s - 3 potions of haste
 z - a potion of resistance {unknown}
 F - 2 potions of might {unknown}
 G - 2 potions of invisibility {unknown}
 P - a potion of brilliance {unknown}


   Skills:
 + Level 7.5 Fighting
 + Level 10.3 Short Blades
 + Level 8.4 Dodging
 + Level 14.9 Stealth
 + Level 9.3 Spellcasting
 + Level 1.2 Hexes
 + Level 9.3 Summonings
 + Level 3.4 Air Magic


You had 16 spell levels left.
You knew the following spells:

 Your Spells              Type           Power      Damage    Failure   Level
a - Summon Small Mammal   Summ           100%       N/A       1%          1
b - Call Imp              Summ           46%        N/A       1%          2
c - Call Canine Familiar  Summ           46%        N/A       1%          3
d - Summon Guardian Gole  Hex/Summ       30%        N/A       2%          3
e - Summon Lightning Spi  Summ/Air       34%        N/A       5%          4

Your spell library contained the following spells:

 Spells                   Type           Power      Damage    Failure   Level
 Freeze                   Ice            36%        1d6       8%          1
 Sandblast                Erth           18%        2d7       8%          1
 Passwall                 Tmut/Erth      7%         N/A       11%         2
 Airstrike                Air            11%        2d(2-18)  19%         4
 Frozen Ramparts          Ice            18%        1d3       22%         3
 Hailstorm                Conj/Ice       9%         3d4       22%         3
 Stone Arrow              Conj/Erth      18%        3d8       22%         3
 Lightning Bolt           Conj/Air       8%         1d20      71%         5
 Alistair's Intoxication  Tmut/Pois      6%         N/A       90%         5
 Borgnjor's Vile Clutch   Necr/Erth      4%         N/A       90%         5
 Eringya's Noxious Bog    Tmut/Pois      4%         N/A       100%        6


Dungeon Overview and Level Annotations

Branches:
Dungeon (13/15)            Temple (1/1) D:4            Lair (0/5) D:11
    Orc (0/2) D:12         Bailey (visited)
 Vaults: D:13-14

Altars:
Ashenzari
Cheibriados
Dithmenos
Elyvilon
Fedhas
Gozag
Hepliaklqana
Kikubaaqudgha
Makhleb
Nemelex Xobeh
Okawaru
Qazlal
Ru
Sif Muna
Trog
Uskayaw
Vehumet
Wu Jian
Xom
Yredelemnul
Zin
The Shining One

Annotations:
D:3 1 transporter, porpoise's ghost, amateur TrWr
D:5 1 runed translucent door, Crazy Yiuf


Innate Abilities, Weirdness & Mutations

You are small and have problems with some larger weapons.
You are completely attuned to the shadows.


Message History

The kobold brigand is struck by an arc of lightning.
The kobold brigand is heavily wounded.
You resist.
You are struck by an arc of lightning.
The kobold brigand is struck by an arc of lightning!
The kobold brigand is severely wounded.
The lightning grounds out.
The kobold brigand is severely wounded.
You feel sick.
The kobold brigand completely misses you.
You hit the kobold brigand.
The arc blade crackles.
The kobold brigand is struck by an arc of lightning!
You kill the kobold brigand!
Dithmenos accepts your kill. You resist.
You are struck by an arc of lightning.
You feel sick.
A fire crab comes into view.
You hit the troll.
The troll is lightly wounded.
You feel sick.
You are no longer poisoned.
The troll barely misses you. The troll completely misses you. x2
A slime creature comes into view.
The slime creature quivers.
You puncture the troll!
The arc blade crackles.
The troll is struck by an arc of lightning!
The troll is heavily wounded.
You resist.
You are struck by an arc of lightning.
The troll is struck by an arc of lightning.
The troll is severely wounded.
You resist.
You are struck by an arc of lightning.
The troll is struck by an arc of lightning!
You kill the troll!
Dithmenos accepts your kill. You resist.
You are struck by an arc of lightning.
The fire crab breathes flames at you. The blast of flame engulfs you!
You are engulfed in blazing flames.
* * * LOW HITPOINT WARNING * * *
You emit a cloud of dark smoke.
You feel better.
You are engulfed in blazing flames.
You die...

..T. ....
.....##
....§.##
#..J°§§#
#...t@°###
....°○°...
...)°°°...
...)....##
..........
..........


You could see a slime creature and a fire crab.

Vanquished Creatures
  5 two-headed ogres
  2 boulder beetles (D:11)
  A deep elf pyromancer (D:12)
  An ugly thing (D:12)
  2 gargoyles
  A komodo dragon (D:11)
  2 kobold demonologists
  3 trolls
  Grinder (D:4)
  2 wraiths
  A wyvern (D:11)
  12 yaks
  A shadow (D:12)
  A human (D:12)
  3 steam dragons
  2 acid dragons
  A warg (D:12)
  3 water moccasins
  5 orc warriors
  An ice beast (D:6)
  A sky beast (D:6)
  2 black bears (D:11)
  An ogre (D:5)
  A phantom (D:4)
  A nameless horror (D:4)
  2 kobold brigands (D:13)
  2 bullfrogs (D:6)
  2 gnoll sergeants
  6 scorpions
  2 necrophages (D:8)
  4 wights (D:8)
  10 killer bees
  3 howler monkeys
  11 orc priests
  2 iguanas (D:5)
  4 orc wizards
  9 gnolls
  4 adders
  A shadow imp (D:6)
  An ufetubus (D:5)
  A worm (D:3)
  2 dart slugs
  37 orcs
  3 endoplasms
  A giant cockroach (D:1)
  6 goblins
  6 hobgoblins
  A jackal (D:4)
  12 kobolds
  7 quokkas
  3 ball pythons
  A bat (D:2)
  6 frilled lizards
  A rat (D:2)
206 creatures vanquished.

Vanquished Creatures (collateral kills)
  An orc knight (Bailey)
  A kobold demonologist (D:10)
  A hornet (D:9)
  A shadow (D:11)
  Sigmund (D:3)
  A yak (D:10)
  A steam dragon (D:8)
  2 water moccasins (D:11)
  6 orc warriors (Bailey)
  An ice beast (D:8)
  4 black bears
  A centaur (D:9)
  A kobold brigand (D:8)
  A bullfrog (D:9)
  A killer bee (D:8)
  A howler monkey (D:9)
  An electric eel (D:10)
  2 orc priests
  2 hounds
  5 orc wizards
  Ijyb (D:4)
  Natasha (thrice) (D:3)
  7 gnolls
  3 adders
  27 orcs
  2 ball pythons
  3 endoplasms
  2 goblins
  A jackal (D:4)
  3 kobolds
  A bat (D:1)
  A frilled lizard (D:1)
  A rat (D:1)
90 creatures vanquished.

Vanquished Creatures (others)
  A hornet (D:8)
  Duvessa (D:4)
  Dowan (D:4)
  An orc (D:6)
  10 fungi (D:11)
  33 plants
  A withered plant (D:4)
48 creatures vanquished.

Grand Total: 344 creatures vanquished

Notes
Turn   | Place    | Note
-------+----------+-------------------------------------------
     0 | D:1      | LnG the Kobold Summoner began the quest for the Orb.
     0 | D:1      | Reached XP level 1. HP: 10/10 MP: 3/3
   268 | D:1      | Reached XP level 2. HP: 15/15 MP: 1/5
   271 | D:1      | Learned a level 2 spell: Call Imp
   859 | D:1      | Reached XP level 3. HP: 16/19 MP: 7/7
   863 | D:1      | Learned a level 3 spell: Call Canine Familiar
  1267 | D:2      | Reached skill level 3 in Stealth
  1824 | D:3      | Reached XP level 4. HP: 15/24 MP: 8/8
  1964 | D:3      | Noticed Natasha
  1991 | D:3      | Killed Natasha
  1992 | D:3      | Reached skill level 1 in Short Blades
  2000 | D:3      | Noticed Natasha
  2011 | D:3      | Killed Natasha
  2012 | D:3      | Reached skill level 4 in Stealth
  2012 | D:3      | Reached XP level 5. HP: 28/28 MP: 6/9
  2016 | D:3      | Learned a level 3 spell: Summon Guardian Golem
  2054 | D:3      | Noticed Sigmund
  2064 | D:3      | Killed Sigmund
  2065 | D:3      | Reached skill level 1 in Fighting
  2065 | D:3      | Reached skill level 5 in Stealth
  2065 | D:3      | Reached skill level 5 in Summonings
  2065 | D:3      | Reached XP level 6. HP: 20/34 MP: 9/11
  2127 | D:3      | Found a shimmering altar of Xom.
  2128 | D:3      | Found a burning altar of Makhleb.
  2128 | D:3      | Found a sacrificial altar of Ru.
  2129 | D:3      | Found a broken altar of Ashenzari.
  2231 | D:3      | Found a transporter.
  2232 | D:3      | Noticed porpoise's ghost (amateur TrWr)
  2243 | D:3      | Noticed an ogre
  2256 | D:3      | Found a faded altar of an unknown god.
  2342 | D:3      | Noticed Natasha
  2353 | D:3      | Killed Natasha
  2604 | D:3      | Found a snail-covered altar of Cheibriados.
  2807 | D:4      | Found a blossoming altar of Fedhas.
  2811 | D:4      | Found an ancient bone altar of Kikubaaqudgha.
  2858 | D:4      | Reached skill level 6 in Stealth
  2858 | D:4      | Reached XP level 7. HP: 34/38 MP: 12/12
  2863 | D:4      | Learned a level 4 spell: Summon Lightning Spire
  2877 | D:4      | Noticed Dowan
  2880 | D:4      | Noticed Duvessa
  2883 | D:4      | Noticed a nameless horror
  3120 | D:4      | Noticed Grinder
  3240 | D:4      | Killed Dowan
  3424 | D:5      | Entered Level 5 of the Dungeon
  3719 | D:5      | Found a radiant altar of Vehumet.
  3741 | D:5      | Reached XP level 8. HP: 23/44 MP: 14/14
  3951 | D:5      | Found a runed translucent door.
  3954 | D:5      | Noticed Crazy Yiuf
  3990 | D:5      | Reached skill level 7 in Stealth
  4221 | D:5      | Identified the +1 war axe of the Spider Nest {freeze, Will+
                  | Str+3}
  4779 | D:6      | Reached skill level 8 in Stealth
  5153 | D:6      | Reached skill level 9 in Stealth
  5153 | D:6      | Reached skill level 5 in Spellcasting
  5153 | D:6      | Reached XP level 9. HP: 48/48 MP: 14/16
  5426 | D:6      | Found a bloodstained altar of Trog.
  5516 | D:6      | Reached skill level 5 in Short Blades
  5548 | D:6      | Identified the ring "Zuco" {+Blink rN+++ rCorr Str+6 Int-3}
  5993 | D:4      | Found a staircase to the Ecumenical Temple.
  6000 | Temple   | Entered the Ecumenical Temple
  6208 | D:4      | Found a shadowy altar of Dithmenos.
  6327 | D:4      | Noticed Ijyb
  6444 | D:4      | Killed Ijyb
  6591 | D:4      | Killed Duvessa
  6679 | D:4      | Found an iron altar of Okawaru.
  6860 | D:4      | Killed Grinder
  6861 | D:4      | Reached skill level 5 in Dodging
  6861 | D:4      | Reached skill level 1 in Hexes
  7349 | D:4      | Became a worshipper of Dithmenos the Shadowed
  7466 | D:7      | Reached skill level 10 in Stealth
  7801 | D:9      | HP: 2/49 [killer bee (6)]
  7971 | D:9      | Found a flagged portal.
  7992 | Bailey   | Entered a bailey
  8150 | Bailey   | Reached XP level 10. HP: 52/54 MP: 17/19
  8347 | Bailey   | Reached * piety under Dithmenos
  8649 | Bailey   | Noticed an orc knight
  8660 | Bailey   | Killed an orc knight
  8661 | Bailey   | Reached skill level 1 in Air Magic
  8665 | Bailey   | Acquired 778 gold pieces
  9282 | D:8      | Reached skill level 11 in Stealth
 10227 | D:8      | Found an opulent altar of Gozag.
 10726 | D:9      | Reached ** piety under Dithmenos
 10744 | D:9      | Reached XP level 11. HP: 57/62 MP: 22/22
 11004 | D:9      | Reached skill level 5 in Fighting
 11172 | D:9      | Found a glowing silver altar of Zin.
 11178 | D:9      | Reached skill level 12 in Stealth
 11589 | D:10     | Entered Level 10 of the Dungeon
 11816 | D:10     | Found a basalt altar of Yredelemnul.
 11888 | D:10     | Found a white marble altar of Elyvilon.
 12052 | D:10     | Found a stormy altar of Qazlal.
 12247 | D:10     | Noticed a two-headed ogre
 12251 | D:10     | Killed a two-headed ogre
 12306 | D:10     | Noticed a two-headed ogre
 12356 | D:10     | Killed a two-headed ogre
 12374 | D:10     | Reached skill level 13 in Stealth
 12399 | D:10     | Identified the +7 hand axe of Optoef {flame, rN+ Int+4
                  | Dex+4}
 12828 | D:11     | Noticed a boulder beetle
 12845 | D:11     | Killed a boulder beetle
 13056 | D:11     | Noticed a two-headed ogre
 13060 | D:11     | Killed a two-headed ogre
 13128 | D:11     | Noticed a boulder beetle
 13132 | D:11     | Killed a boulder beetle
 13133 | D:11     | Reached XP level 12. HP: 71/71 MP: 24/24
 13161 | D:11     | Noticed a two-headed ogre
 13164 | D:11     | Killed a two-headed ogre
 13170 | D:11     | Reached *** piety under Dithmenos
 13176 | D:11     | Noticed a two-headed ogre
 13180 | D:11     | Killed a two-headed ogre
 13334 | D:11     | Reached skill level 14 in Stealth
 13393 | D:11     | Found a staircase to the Lair.
 13783 | D:11     | Found a white marble altar of Elyvilon.
 14110 | D:12     | Acquired the +8 arc blade {discharge, rElec}
 14110 | D:12     | Found the +8 arc blade {discharge, rElec}
 14166 | D:12     | Reached skill level 10 in Short Blades
 14170 | D:12     | Found a staircase to the Orcish Mines.
 14975 | D:13     | Noticed a fire crab
 14979 | D:13     | Engulfed by a fire crab (shapeshifter)'s flame

Illustrated notes

Levels and vault maps discovered:
D:1:      scummos_arrival_forest, layout_basic
D:2:      layout_rooms
D:3:      layout_basic, chequers_temple_overflow_statue_of_worship,
          mainiacjoe_overflow_concentric_impassable,
          ebering_ecumenical_altar_petrified, gammafunk_ghost_smash,
          uniq_natasha, uniq_sigmund
D:4:      layout_loops_ring, nicolae_overflow_hidden_temple,
          mainiacjoe_overflow_alcove_2, grunt_temple_overflow_growth_and_decay,
          minmay_temple_entry_antechambers, serial_bayou_ford_a, uniq_grinder,
          uniq_duvessa, uniq_ijyb
D:5:      layout_cave_pools, mainiacjoe_overflow_boulevard,
          uniq_crazy_yiuf_cottage
D:6:      layout_gridville, trog_three_pillars_becter, grunt_decor_fettered
D:7:      layout_loops_ring, hex_tiny, minmay_misc_feat_iff
D:8:      layout_loops_ring, nicolae_gozag_seed_capital
D:9:      layout_loops_corners, mainiacjoe_overflow_paths, enter_bailey_5,
          grunt_decor_arrowhead
D:10:     layout_loops_cross, kennysheep_ying_yang, lemuel_crystal_altar,
          kennysheep_dice
D:11:     layout_loops_ring, due_lair_maze_entry_diamond,
          nicolae_elyvilon_peaceful_grove
D:12:     layout_basic, erik_orc_4, lemuel_old_faithful
D:13:     kennysheep_green_arena, layout_cave_pools,
          minmay_guarded_unrand_finisher
Temple:   nicolae_temple_ecumenical_triangle

Skill      XL: |  1  2  3  4  5  6  7  8  9 10 11 12 |
---------------+-------------------------------------+-----
Stealth        | 3 4 5 6 9 10 11 13 14 | 14.9
Short Blades   | 1 2 3 4 6 7 9 10 | 10.3
Spellcasting   | 3 4 5 6 7 8 9 |  9.3
Fighting       | 1 2 4 6 7 |  7.5
Dodging        | 3 4 5 6 7 8 |  8.4
Summonings     | 5 6 7 8 9 |  9.3
Hexes          | 1 |  1.2
Air Magic      | 1 2 3 |  3.4

Action                   |  1- 3 |  4- 6 |  7- 9 | 10-12 || total
-------------------------+-------+-------+-------+-------++-------
Melee: Unarmed           |     2 |       |       |       ||     2
       Dagger            |    71 |    46 |   280 |   157 ||   554
       Punch             |     2 |       |     8 |     3 ||    13
       Rapier            |       |       |    73 |   299 ||   372
 Cast: Summon Small Mamm |    16 |       |     1 |       ||    17
       Call Imp          |     2 |     3 |    19 |     6 ||    30
       Call Canine Famil |       |     6 |    29 |    24 ||    59
       Summon Guardian G |       |       |     5 |     1 ||     6
       Summon Lightning  |       |       |     3 |    18 ||    21
  Use: Scroll            |     3 |     3 |     5 |     7 ||    18
       Potion            |       |       |     3 |     3 ||     6
 Stab: Sleeping          |     8 |     8 |    27 |    34 ||    77
       Distracted        |       |     1 |     7 |    17 ||    25
Armor: Robe              |    10 |     6 |    73 |    47 ||   136
Dodge: Dodged            |    46 |    39 |   240 |   330 ||   655

Table legend: (Time is in decaauts)
 A = Elapsed time spent in this place.
 B = Non-inter-level travel time spent in this place.
 C = Inter-level travel time spent in this place.
 D = Time resting spent in this place.
 E = Time spent auto-exploring this place.
 F = Levels seen in this place.
 G = Mean time per level.
                   A        B        C        D        E       F      G
               +--------+--------+--------+--------+--------+-----+--------+
         Total |  14835 |  14032 |    803 |   1577 |   8646 |  15 |  989.0 |
       Dungeon |  13586 |  12829 |    757 |   1325 |   8122 |  13 | 1045.1 |
        Temple |    178 |    132 |     46 |     78 |     43 |   1 |  178.0 |
        Bailey |   1070 |   1070 |      0 |    174 |    481 |   1 | 1070.0 |
               +--------+--------+--------+--------+--------+-----+--------+

Top non-repeatable levels by time:
     D:4: 1754 daAuts
     D:8: 1461 daAuts
     D:9: 1447 daAuts
     D:6: 1343 daAuts
     D:5: 1238 daAuts
    D:10: 1155 daAuts
     D:1: 1153 daAuts
    D:12: 1085 daAuts
  Bailey: 1070 daAuts
     D:3: 1011 daAuts
    D:11: 991 daAuts
     D:2: 581 daAuts
     D:7: 349 daAuts
  Temple: 178 daAuts
    D:13: 12 daAuts
